 Dungeon Crawl Stone Soup version 0.18.1-48-g4cf74bf (webtiles) character file.

1130 luca467 the Insei (level 8, -6/64 HPs)
             Began as a Demonspawn Monk on Sept 12, 2016.
             Was a Believer of Dithmenos.
             Mangled by an ogre
             ... wielding a +0 giant club
              (26 damage)
             ... on level 6 of the Dungeon.
             The game lasted 00:21:01 (5311 turns).

luca467 the Insei (Demonspawn Monk)                 Turns: 5311, Time: 00:21:01

Health: -6/64      AC:  6    Str: 12    XL:     8   Next: 13%
Magic:  8/8        EV: 14    Int: 12    God:    Dithmenos [**....]
Gold:   263        SH:  0    Dex: 17    Spells: 0 memorised, 7 levels left

rFire  . . .     SeeInvis .       - Unarmed
rCold  + . .     Gourm    .     a - +1 robe
rNeg   . . .     Faith    .     (no shield)
rPois  .         Spirit   .     (no helmet)
rElec  .         Dismiss  .     u - +2 cloak {MR+}
rCorr  .         Reflect  .     (no gloves)
SustAt .         Harm     .     (no boots)
MR     +....                    i - amulet of regeneration
Stlth  ++++......               (no ring)
                                q - ring of protection from cold

@: wreathed by umbra, somewhat resistant to hostile enchantments, stealthy
A: claws 1, demonic guardian 2, foul stench 2, rot immunity
a: Shadow Step, Renounce Religion


You were on level 6 of the Dungeon.
You worshipped Dithmenos.
Dithmenos was pleased with you.
You were hungry.

You visited 2 branches of the dungeon, and saw 7 of its levels.
You also visited: Sewer.

You collected 263 gold pieces.

Inventory:

Armour
 a - a +1 robe (worn)
 s - a +3 leather armour
 u - a +2 cloak of magic resistance (worn)
 v - a troll hide {Purgy}
Jewellery
 i - an amulet of regeneration (around neck)
 p - a +4 amulet of reflection {unknown}
 q - a ring of protection from cold (left claw)
Wands
 c - a wand of acid (15/15)
 t - a wand of random effects (18/48)
Scrolls
 e - a scroll of magic mapping {unknown}
 f - 6 scrolls of teleportation
 g - 3 scrolls of remove curse
 h - a scroll of identify
 r - 3 scrolls of fear
 y - a scroll of immolation {unknown}
Potions
 d - a potion of resistance {unknown}
 k - a potion of cure mutation {unknown}
 l - 2 potions of curing {unknown}
 m - a potion of berserk rage {unknown}
 n - a potion of agility {unknown}
 w - 2 potions of flight {unknown}
 z - a potion of might {unknown}
 A - 2 potions of haste {unknown}
 B - a potion of heal wounds {unknown}
Books
 o - a book of Enchantments

   Spells                             Type                      Level
   a - Cause Fear                     Hexes                        4
   b - Yara's Violent Unravelling     Hexes/Transmutation          5
   c - Silence                        Hexes/Air                    5
   d - Deflect Missiles               Charms/Air                   6
   e - Haste                          Charms                       6
   f - Discord                        Hexes                        8
Comestibles
 b - 6 bread rations
 j - 5 meat rations
 x - a beef jerky


   Skills:
 * Level 6.2 Fighting
 + Level 4.2 Dodging
 + Level 4.3 Stealth
 * Level 6.4 Unarmed Combat


You had 7 spell levels left.
You didn't know any spells.

Dungeon Overview and Level Annotations

Branches:
Dungeon (6/15)             Temple (1/1) D:5

Altars:
Ashenzari
Cheibriados
Dithmenos
Elyvilon
Fedhas
Makhleb
Nemelex Xobeh
Okawaru
Pakellas
Qazlal
Ru
Sif Muna
Trog
Vehumet
Xom
Yredelemnul
Zin
The Shining One


Innate Abilities, Weirdness & Mutations

You have sharp fingernails.
A demonic guardian rushes to your aid.
You frequently emit foul miasma when damaged in melee.
You are immune to rotting.


Message History

You closely miss the ogre. You claw the ogre.
The ogre is lightly wounded.
You closely miss the ogre.
The ogre is lightly wounded.
The ogre misses you.
You barely miss the ogre.
The ogre is lightly wounded.
The ogre hits you with a giant club!!
You claw the ogre!
The ogre is heavily wounded.
The ogre hits you with a giant club!
* * * LOW HITPOINT WARNING * * *
You are too injured to fight recklessly!
You are too injured to fight recklessly!
You scratch the ogre.
The ogre is heavily wounded.
You scratch the ogre but do no damage.
The ogre is heavily wounded.
The ogre hits you with a giant club!!
You die...

#.# ##'##
##...##
##.....##
##..†....##
#.........#
+.........+
#.........#
##...@...##
##..O..##
##...##
##+##


You could see an ogre.

Vanquished Creatures
  The ghost of luca467 the Skirmisher, a novice OpFi (D:5)
  An ice beast (D:6)
  A centaur (D:6)
  A giant frog (D:6)
  A scorpion (D:6)
  2 crimson imps (D:6)
  4 orc priests (D:5)
  Crazy Yiuf (D:5)
  3 orc wizards
  A centaur skeleton (D:4)
  A giant frog skeleton (D:5)
  A worker ant (D:4)
  A hound zombie (D:5)
  2 adders
  3 worms
  2 dart slugs
  3 giant geckos
  16 orcs
  3 ball pythons
  2 giant cockroaches
  5 hobgoblins
  6 jackals
  A quokka (D:4)
  5 bats
  6 giant newts
  5 goblins
  4 kobolds
  5 rats
87 creatures vanquished.

Vanquished Creatures (collateral kills)
  A sky beast (D:5)
  Purgy (Sewer)
  An orc priest (D:3)
  An adder (D:3)
  3 orcs (D:3)
  A bat (D:3)
8 creatures vanquished.

Grand Total: 95 creatures vanquished

Notes
Turn   | Place    | Note
--------------------------------------------------------------
     0 | D:1      | luca467 the Demonspawn Monk began the quest for the Orb.
     0 | D:1      | Reached XP level 1. HP: 18/18 MP: 1/1
   526 | D:1      | Gained mutation: You have sharp fingernails. [demonic ancestry]
   526 | D:1      | Reached XP level 2. HP: 24/24 MP: 2/2
  1115 | D:2      | Found a stormy altar of Qazlal.
  1409 | D:2      | Found a snail-covered altar of Cheibriados.
  1491 | D:2      | Gained mutation: A weak demonic guardian rushes to your aid. [demonic ancestry]
  1491 | D:2      | Reached XP level 3. HP: 29/29 MP: 3/3
  2035 | D:3      | Found an iron altar of Okawaru.
  2101 | D:3      | Found a shattered altar of Ashenzari.
  2143 | D:3      | Gained mutation: You are immune to rotting. [demonic ancestry]
  2143 | D:3      | Reached XP level 4. HP: 11/37 MP: 4/4
  2707 | D:3      | Found a sparkling altar of Nemelex Xobeh.
  3073 | D:3      | Gained mutation: A demonic guardian rushes to your aid. [demonic ancestry]
  3073 | D:3      | Reached XP level 5. HP: 37/42 MP: 5/5
  3417 | D:4      | Found a burning altar of Makhleb.
  3417 | D:4      | Noticed a blizzard demon
  3552 | D:4      | Found a shimmering altar of Xom.
  3834 | D:5      | Entered Level 5 of the Dungeon
  3835 | D:5      | Found a white marble altar of Elyvilon.
  3875 | D:5      | Found a glowing drain.
  3883 | Sewer    | Entered a sewer
  3931 | Sewer    | Noticed Purgy
  3938 | Sewer    | Killed Purgy
  3938 | Sewer    | Gained mutation: You may emit foul miasma when damaged in melee. [demonic ancestry]
  3938 | Sewer    | Reached XP level 6. HP: 40/49 MP: 6/6
  4096 | D:5      | Reached skill level 5 in Unarmed Combat
  4145 | D:5      | Noticed Crazy Yiuf
  4150 | D:5      | Noticed luca467's ghost (novice OpFi)
  4154 | D:5      | Killed Crazy Yiuf
  4162 | D:5      | Killed luca467's ghost
  4162 | D:5      | Reached skill level 5 in Fighting
  4162 | D:5      | Reached XP level 7. HP: 42/56 MP: 7/7
  4229 | D:5      | Found a staircase to the Ecumenical Temple.
  4236 | Temple   | Entered the Ecumenical Temple
  4383 | Temple   | Became a worshipper of Dithmenos the Shadowed
  4383 | Temple   | Reached * piety under Dithmenos
  4383 | Temple   | Reached ** piety under Dithmenos
  4779 | D:5      | Found a deep blue altar of Sif Muna.
  4779 | D:5      | Found a sacrificial altar of Ru.
  5167 | D:6      | Gained mutation: You frequently emit foul miasma when damaged in melee. [demonic ancestry]
  5167 | D:6      | Reached XP level 8. HP: 54/64 MP: 8/8
  5311 | D:6      | Mangled by an ogre

Skill      XL: |  1  2  3  4  5  6  7 |
---------------+----------------------+-----
Stealth        | 2 3 4 |  4.3
Unarmed Combat | 4 5 6 |  6.4
Fighting       | 4 5 6 |  6.2
Dodging        | 3 4 |  4.2

Action                   |  1- 3 |  4- 6 |  7- 9 || total
-------------------------+-------+-------+-------++-------
Melee: Unarmed           |   154 |   174 |    68 ||   396
       Punch             |       |     3 |     5 ||     8
  Use: Scroll            |     5 |     8 |     1 ||    14
 Stab: Sleeping          |     2 |     7 |     2 ||    11
  Eat: Chunk             |     4 |     5 |     4 ||    13
       Pizza             |       |     1 |       ||     1
Armor: Robe              |    26 |    14 |     9 ||    49
Dodge: Dodged            |   106 |    98 |    35 ||   239
